 Dungeon Crawl Stone Soup version 0.22-a0-460-g49b1da7e92 (webtiles) character file.

49 Ireaine the Chopper (level 3, -6/51 HPs)
             Began as a Naga Berserker on June 9, 2018.
             Was a Believer of Trog.
             Killed from afar by NoiZ's ghost (8 damage)
             ... with an orb of energy
             ... on level 3 of the Dungeon.
             The game lasted 00:04:11 (2059 turns).

Ireaine the Chopper (Naga Berserker)                Turns: 2059, Time: 00:04:11

Health: -6/51      AC:  5    Str: 25    XL:     3   Next: 75%
Magic:  3/3        EV:  6    Int:  7    God:    Trog [**....]
Gold:   84         SH:  0    Dex: 10    Spells: 2/2 levels left

rFire    . . .     SeeInvis +   a - +1 hand axe
rCold    . . .     Gourm    .   (no shield)
rNeg     . . .     Faith    .   f - +0 chain mail
rPois    +         Spirit   .   (no helmet)
rElec    .         Reflect  .   (no cloak)
rCorr    .         Harm     .   m - -1 pair of gloves (curse)
MR       .....                  (no barding)
Stlth    ..........             (no amulet)
HPRegen  0.17/turn              (no ring)
MPRegen  0.08/turn              (no ring)

@: berserking (expiring), quick
A: large, see invisible, deformed body, poison resistance, slowness 2, slow
metabolism 1, spit poison 1, AC +1
a: Spit Poison, Berserk, Trog's Hand, Renounce Religion


You were on level 3 of the Dungeon.
You worshipped Trog.
Trog was pleased with you.
You were very hungry.

You visited 1 branch of the dungeon, and saw 3 of its levels.

You collected 84 gold pieces.

Inventory:

Hand Weapons
 a - a +1 hand axe (weapon)
Armour
 f - a +0 chain mail (worn)
 m - a cursed -1 pair of gloves (worn)
Jewellery
 d - an uncursed amulet of harm {unknown}
 e - an uncursed ring of protection from cold {unknown}
 i - an uncursed ring of see invisible {unknown}
 j - an uncursed ring of poison resistance {unknown}
Scrolls
 b - 3 scrolls of amnesia
 k - 2 scrolls of fear
Potions
 c - a potion of degeneration {unknown}
 g - a potion of curing {unknown}
 l - a potion of ambrosia {unknown}
Comestibles
 h - a ration


   Skills:
 + Level 3.3 Fighting
 * Level 3.7 Axes
 + Level 2.0 Armour
 + Level 2.0 Dodging


You had 2 spell levels left.
You didn't know any spells.
Your spell library was empty.

Dungeon Overview and Level Annotations

Branches:
Dungeon (3/15)

Altars:
Sif Muna

Annotations:
D:3 NoiZ's ghost, amateur DECj


Innate Abilities, Weirdness & Mutations

You cannot wear boots.
Your serpentine skin is tough. (AC +1)
You have supernaturally acute eyesight. (SInv)
Armour fits poorly on your strangely shaped body.
Your system is resistant to poisons. (rPois)
You cover ground very slowly.
You have a slow metabolism.
You can spit poison.


Message History

NoiZ's ghost gestures at you while chanting.
The orb of energy hits you!
* * * LOW HITPOINT WARNING * * *
The orb of energy explodes!
You hit NoiZ's ghost.
NoiZ's ghost is almost destroyed.
You closely miss NoiZ's ghost.
NoiZ's ghost is almost destroyed.
NoiZ's ghost hits you.
* * * LOW HITPOINT WARNING * * *
You closely miss NoiZ's ghost.
NoiZ's ghost is almost destroyed.
NoiZ's ghost casts a spell at you. The magic dart hits you!
* * * LOW HITPOINT WARNING * * *
You barely miss NoiZ's ghost.
NoiZ's ghost is almost destroyed.
NoiZ's ghost casts a spell at you. The orb of energy hits you!
You die...

..K........#####
#.....[.###
#......^#
#.......#
#.......#
#.......#
#.##.##K# # #.
#W# #. #@# #.
#.# ..# ####


You could see NoiZ's ghost and a kobold.

Vanquished Creatures
  2 worms
  2 dart slugs
  A leopard gecko (D:1)
  3 bats
  3 giant cockroaches
  3 goblins
  6 hobgoblins
  2 kobolds
  A quokka (D:3)
  A ball python (D:1)
  6 frilled lizards
  A leopard gecko skeleton (D:2)
  5 rats
36 creatures vanquished.

Notes
Turn   | Place    | Note
-------+----------+-------------------------------------------
     0 | D:1      | Ireaine the Naga Berserker began the quest for the Orb.
     0 | D:1      | Reached XP level 1. HP: 21/21 MP: 1/1
   221 | D:1      | Reached XP level 2. HP: 18/28 MP: 2/2
  1108 | D:2      | Reached XP level 3. HP: 31/34 MP: 3/3
  1308 | D:2      | Reached ** piety under Trog
  1345 | D:2      | Found a deep blue altar of Sif Muna.
  2034 | D:3      | Noticed NoiZ's ghost (amateur DECj)
  2058 | D:3      | HP: 2/51 [NoiZ's ghost/magic dart (5)]
  2059 | D:3      | Killed from afar by NoiZ's ghost

Vault maps used:
D:1:      nicolae_arrival_washed_ashore
D:2:      cheibrodos_helix_gallery, first_ration, lemuel_blue_sif_altar
D:3:      lightli_temple_of_fire, uniq_jessica

Skill      XL: |  1  2  3 |
---------------+----------+-----
Dodging        | 2 |  2.0
Armour         | 2 |  2.0
Fighting       | |  3.3
Axes           | |  3.7

Action                   || total
-------------------------++-------
Melee: Hand axe          ||   104
Invok: Berserk           ||     2
       Trog's Hand       ||     1
 Abil: Spit Poison       ||     1
  Use: Scroll            ||     5
  Eat: Ration            ||     1
Armor: Chain mail        ||    47
Dodge: Dodged            ||    47

Table legend:
 A = Spawn XP
 B = Non-spawn XP
 C = Spawn XP percentage of total XP
 D = Spawn monster count
 E = Non-spawn monster count
 F = Spawn count percentage of total count
 G = Total turns spent on level
                    A         B        C        D         E        F      G
               +---------+---------+-------+---------+---------+-------+---------
         Total |       0 |      70 |   0.0 |       0 |      36 |   0.0 |  2059
               +---------+---------+-------+---------+---------+-------+---------
           D:1 |       0 |      22 |   0.0 |       0 |      12 |   0.0 |  1085
           D:2 |       0 |      34 |   0.0 |       0 |      18 |   0.0 |   864
           D:3 |       0 |      14 |   0.0 |       0 |       6 |   0.0 |   110
               +---------+---------+-------+---------+---------+-------+---------
